 Dungeon Sprint DCSS version 0.24.0-1-gfbc8707 (webtiles) character file.

Game seed: 17201138662732911135, levelgen mode: deterministic

2018 Fang the Fighter (level 9, 0/102 HPs)
             Began as a Gargoyle Berserker on Nov 4, 2019.
             Was a High Priest of Trog.
             Slain by a nine-headed hydra (5 damage)
             ... in the Dungeon (Sprint IX: "|||||||||||||||||||||||||||||").
             The game lasted 00:01:41 (636 turns).

Fang the Fighter (Gargoyle Berserker)                Turns: 636, Time: 00:01:41

Health: 0/102      AC: 20    Str: 30    XL:     9   Next: 23%
Magic:  3/3        EV: 12    Int: 10    God:    Trog [*****.]
Gold:   0          SH:  0    Dex:  9    Spells: 8/8 levels left

rFire    . . .     SeeInvis .   c - +6 battleaxe (antimagic)
rCold    . . .     Gourm    .   (shield currently unavailable)
rNeg     + . .     Faith    .   b - +1 chain mail
rPois    ∞         Spirit   .   (no helmet)
rElec    +         Reflect  .   (no cloak)
rCorr    .         Harm     .   (no gloves)
MR       .....     NoTele   +   (no boots)
Stlth    ..........             (no amulet)
HPRegen  0.27/turn              m - +2 ring of protection
MPRegen  0.08/turn              n - +3 ring of intelligence

@: berserking (expiring), slowed
A: negative energy resistance 1, electricity resistance, unbreathing,
petrification resistance, rot immunity, AC +6
a: Berserk, Trog's Hand, Brothers in Arms, Renounce Religion


You were in the Dungeon.
You worshipped Trog.
Trog was extremely pleased with you.
You were hungry.

You visited 1 branch

Inventory:

Hand Weapons
 a - a +3 war axe of chopping
 c - a +6 antimagic battleaxe (weapon)
Armour
 b - a +1 chain mail (worn)
Jewellery
 m - a +2 ring of protection (left hand)
 n - a +3 ring of intelligence (right hand)
Wands
 l - a wand of iceblast (10)
Scrolls
 i - 2 scrolls of blinking
 k - 4 scrolls of remove curse
 p - 3 scrolls of identify
 q - a scroll of fog
Potions
 d - 7 potions of curing
 e - 3 potions of heal wounds
 f - 2 potions of haste
 g - 4 potions of magic
 h - 2 potions of berserk rage
 j - a potion of invisibility
 o - a potion of might


   Skills:
 * Level 13.0 Fighting
 * Level 11.1 Axes
 + Level 9.5 Armour
 + Level 7.1 Dodging


You had 8 spell levels left.
You didn't know any spells.
Your spell library was empty.

Dungeon Overview and Level Annotations

Branches:
Dungeon (1/1)

Altars:
Cheibriados
Dithmenos
Elyvilon
Fedhas
Gozag
Hepliaklqana
Kikubaaqudgha
Makhleb
Nemelex Xobeh
Okawaru
Qazlal
Ru
Sif Muna
Trog
Uskayaw
Vehumet
Wu Jian
Xom
Yredelemnul
Zin
The Shining One
Beogh
Jiyva
Lugonu


Innate Abilities, Weirdness & Mutations

You are resistant to torment.
Your stone body is resilient. (AC +6)
You are immune to poison.
You resist negative energy. (rN+)
You are resistant to electric shocks. (rElec)
You can survive without breathing.
You are immune to petrification.
You are immune to rotting.


Message History

You slice one of the seven-headed hydra's heads off!
The six-headed hydra grows two more!
You slice the eight-headed hydra!!
The eight-headed hydra is heavily wounded.
The eight-headed hydra bites you.
* * * LOW HITPOINT WARNING * * *
The eight-headed hydra bites you.
* * * LOW HITPOINT WARNING * * *
The eight-headed hydra bites you but does no damage. x4
The eight-headed hydra bites you.
* * * LOW HITPOINT WARNING * * *
The eight-headed hydra bites you but does no damage.
You lop one of the eight-headed hydra's heads off!
The seven-headed hydra grows two more!
You slash the nine-headed hydra!
The nine-headed hydra is severely wounded.
The nine-headed hydra bites you but does no damage.
The nine-headed hydra bites you!
* * * LOW HITPOINT WARNING * * *
The nine-headed hydra bites you but does no damage. x3
The nine-headed hydra bites you.
You die...

▓.▓.▓.▓
▓.▓.▓[▓
▓.▓.▓)▓
▓.▓.▓.▓
▓'▓.▓.▓
▓_▓.▓.▓
▓_▓.▓.▓
▓_▓.▓.▓
▓_▓.▓@▓
▓_▓.▓D▓
▓_▓.▓r▓
▓_▓.▓F▓
▓_▓.▓S▓
▓_▓.▓l▓
▓_▓.▓t▓
▓_▓.▓w▓
▓_▓.▓


You could see a nine-headed hydra, a torpor snail, a komodo dragon, a spiny
frog, a water moccasin, a crocodile and a porcupine.

Vanquished Creatures
  A centaur warrior (D)
  An ugly thing (D)
  A gargoyle (D)
  A troll (shapeshifter) (D)
  A yak (D)
  A hungry ghost (D)
  3 crimson imps (D)
  A jelly (D)
  An orc wizard (D)
  2 adders (D)
  A shadow imp (D)
  An adder skeleton (D)
  An adder zombie (D)
  An orc (D)
  A hobgoblin (D)
  A frilled lizard (D)
  3 kobolds (D)
22 creatures vanquished.

Notes
Turn   | Place    | Note
-------+----------+-------------------------------------------
     0 | D        | Fang the Gargoyle Berserker began the quest for the Orb.
     0 | D        | Reached XP level 1. HP: 14/14 MP: 1/1
    14 | D        | Reached ** piety under Trog
    44 | D        | Noticed a crimson imp
    44 | D        | Noticed a crimson imp
    51 | D        | Killed a crimson imp
    51 | D        | Reached skill level 5 in Fighting
    51 | D        | Reached XP level 2. HP: 21/21 MP: 2/2
    51 | D        | Reached XP level 3. HP: 26/26 MP: 3/3
    61 | D        | Reached *** piety under Trog
    68 | D        | Reached skill level 6 in Fighting
    68 | D        | Reached skill level 5 in Axes
    68 | D        | Reached XP level 4. HP: 32/32 MP: 4/4
    90 | D        | Found a roughly hewn altar of Beogh.
    90 | D        | Found a snail-covered altar of Cheibriados.
    90 | D        | Found a shadowy altar of Dithmenos.
    90 | D        | Found a white marble altar of Elyvilon.
    90 | D        | Found a blossoming altar of Fedhas.
    90 | D        | Found an opulent altar of Gozag.
    91 | D        | Found a hazy altar of Hepliaklqana.
    92 | D        | Found a viscous altar of Jiyva.
    93 | D        | Found an ancient bone altar of Kikubaaqudgha.
    94 | D        | Found a corrupted altar of Lugonu.
    95 | D        | Found a burning altar of Makhleb.
    96 | D        | Found a sparkling altar of Nemelex Xobeh.
    97 | D        | Found an iron altar of Okawaru.
    98 | D        | Found a stormy altar of Qazlal.
    99 | D        | Found a sacrificial altar of Ru.
   100 | D        | Found a shimmering blue altar of Sif Muna.
   101 | D        | Found a bloodstained altar of Trog.
   102 | D        | Found a hide-covered altar of Uskayaw.
   103 | D        | Found a radiant altar of Vehumet.
   104 | D        | Found an ornate altar of the Wu Jian Council.
   105 | D        | Found a shimmering altar of Xom.
   106 | D        | Found a basalt altar of Yredelemnul.
   107 | D        | Found a glowing silver altar of Zin.
   108 | D        | Found a glowing golden altar of the Shining One.
   152 | D        | Noticed a gargoyle
   156 | D        | Reached **** piety under Trog
   157 | D        | Reached XP level 5. HP: 37/37 MP: 5/5
   158 | D        | Reached skill level 7 in Fighting
   158 | D        | Reached skill level 5 in Armour
   165 | D        | Reached ***** piety under Trog
   165 | D        | Reached skill level 8 in Fighting
   168 | D        | Killed a gargoyle
   168 | D        | Reached skill level 9 in Fighting
   168 | D        | Reached skill level 5 in Dodging
   168 | D        | Reached XP level 6. HP: 23/48 MP: 6/6
   168 | D        | Reached XP level 7. HP: 25/52 MP: 7/7
   423 | D        | Noticed a troll
   423 | D        | Noticed a centaur warrior
   423 | D        | Noticed a green ugly thing
   423 | D        | Noticed a yak
   423 | D        | Noticed a hungry ghost
   429 | D        | Killed a troll
   429 | D        | Reached skill level 10 in Fighting
   436 | D        | Killed a centaur warrior
   436 | D        | Received a gift from Trog
   436 | D        | Reached skill level 12 in Fighting
   436 | D        | Reached skill level 10 in Axes
   436 | D        | Reached XP level 8. HP: 60/60 MP: 8/8
   440 | D        | Killed a green ugly thing
   440 | D        | Reached XP level 9. HP: 67/67 MP: 9/9
   459 | D        | Reached skill level 13 in Fighting
   629 | D        | Noticed a four-headed hydra
   629 | D        | Noticed a spiny frog
   629 | D        | Noticed a komodo dragon
   630 | D        | Noticed a torpor snail
   636 | D        | HP: 5/102 [nine-headed hydra (7)]
   636 | D        | Slain by a nine-headed hydra

Levels and vault maps discovered:
D:        linesprint [early_d, line_temple, items_1, d_10, items_2, lair_1,
          lair_end, items_3, orc_1, orc_end, items_4, d_15, swamp_1, shoals_1,
          snake_1, spider_1, d_20, vaults_1, items_5, swamp_end, shoals_end,
          snake_end, spider_end, vaults_end, d_27, items_6, zot_1, zot_end,
          crypt_end, forest_end, elf_end, slime_end, tomb_end, abyss_end,
          pan_hell_end]

Skill      XL: |  1  2  3  4  5  6  7  8  9 |
---------------+----------------------------+-----
Axes           | 4 5 8 10 11 | 11.1
Fighting       | 5 6 9 12 13 | 13.0
Armour         | 3 4 6 8 9 |  9.5
Dodging        | 2 3 5 6 7 |  7.1

Action                   |  1- 3 |  4- 6 |  7- 9 || total
-------------------------+-------+-------+-------++-------
Melee: Hand axe          |    35 |     4 |       ||    39
       War axe           |       |    13 |    33 ||    46
       Battleaxe         |       |       |     6 ||     6
Invok: Berserk           |     1 |     1 |     2 ||     4
  Eat: Ration            |       |       |     1 ||     1
Armor: Animal skin       |     7 |     3 |       ||    10
       Chain mail        |       |     6 |    44 ||    50
Dodge: Dodged            |    18 |     6 |    27 ||    51
